cohdb
Replays
Latest Replays
All Replays
Popular Replays
Top Player Replays
Match Explorer
How It Works
Community
CoH3 Stats
Reddit
Sign in to upload your games and track your stats! →
Sign in with Steam
Match 43739486
Unlisted
Match 43739486
Overview
Messages
Build Orders
End
Panzergrenadier Squad
Selects Panzerjäger Kommand Battlegroup
Panzergrenadier Squad
Panzerpioneer Squad
250 Light Carrier
Construct Light Support Kompanie
Selects GrB 39 Grenade Launcher Requisition
Combat Half-tracks
Assault Grenadier Squad
Construct Mechanized Kompanie
Panzerjäger Mechanized Group
Support Armor Elements
Selects Crew Shock Tactics
Marder III Tank Destroyer
StuG III D Assault Gun
Crew Shock Tactics
Rapid Advance
Selects Mine Fields
Panzerjäger Mechanized Group
Selects Early Warning
rpadi
MERKAVA
pagep
7k this year for sure
0
0
Comments
sign in to comment!
No comments posted yet!